Map: Waterfall

Players

Micfetzer - Winner!

  • Race: Terran Terran
  • League: Diamond
  • Spawn Location: 7:00

Migbon

  • Race: Zerg Zerg
  • League: Diamond
  • Spawn Location: 1:00

VOD

Have the link to the VOD?

Description

Time

  • Played on: Nov. 9, 2022, 9:03 p.m.
  • Length: 18:28
Show
View Real Time Build Order
Export as new Build Order

Micfetzer Terran - Winner!

Build Orders:  

Get SALT Encoding   

  12  0:00  SCV  
  13  0:12  SCV  
  14  0:18  Supply Depot  
  14  0:24  SCV  
  15  0:40  SCV  
  15  0:41  Barracks  
  16  0:45  Refinery  
  16  0:52  SCV  
  17  1:01  Barracks  
  17  1:05  SCV  
  18  1:18  Barracks  
  18  1:28  Reaper  
  19  1:36  Orbital Command  
  19  1:42  Refinery  
  19  1:48  Reaper  
  20  1:55  Supply Depot  
  20  2:04  SCV  
  20  2:05  Reaper  
  22  2:15  Reaper  
  23  2:16  SCV  
  24  2:25  Supply Depot  
  24  2:29  SCV  
  25  2:36  Reaper  
  26  2:37  Reaper  
  27  2:47  Reaper  
  28  3:04  Command Center  
  28  3:05  SCV  
  28  3:08  Reaper  
  30  3:13  Supply Depot  
  30  3:14  Reaper  
  30  3:19  Reaper  
  31  3:41  Barracks, Reaper  
  32  3:42  Barracks  
  32  3:46  Reaper  
  32  3:51  SCV  
  32  3:55  Reaper  
  34  4:03  SCV  
  34  4:06  Supply Depot  
  35  4:12  Engineering Bay  
  35  4:13  Reaper  
  36  4:22  Orbital Command  
  33  4:40  Reaper x3  
  33  4:41  Reaper  
  33  4:43  SCV  
  33  4:45  Reaper  
  39  4:52  Terran Infantry Weapons Level 1  
  39  4:55  SCV  
  39  4:56  SCV  
  41  5:07  Refinery, SCV  
  41  5:09  Refinery, SCV  
  41  5:12  Reaper  
  41  5:18  Reaper  
  41  5:19  Reaper, SCV  
  45  5:35  Reaper x2  
  45  5:36  SCV  
  45  5:37  SCV  
  45  5:41  Supply Depot  
  45  5:42  Supply Depot  
  48  5:44  Reaper  
  48  5:48  SCV  
  48  5:49  SCV  
  50  5:51  Reaper  
  50  5:52  Reaper  
  47  6:09  SCV x2  
  47  6:10  Reaper  
  47  6:11  Barracks, Reaper  
  51  6:13  Barracks  
  51  6:18  Reaper  
  52  6:21  SCV x2  
  52  6:23  Supply Depot  
  52  6:24  Reaper  
  55  6:27  Reaper  
  56  6:33  SCV x2  
  57  6:42  Reaper  
  57  6:43  Reaper  
  57  6:50  Reaper  
  56  6:56  Reaper, SCV  
  56  6:57  SCV  
  56  6:59  Reaper  
  56  7:00  Reaper x2  
  62  7:06  Barracks  
  62  7:07  Barracks, Supply Depot  
  62  7:08  Terran Infantry Armor Level 1, SCV  
  62  7:09  SCV  
  62  7:15  Reaper x2  
  66  7:20  Supply Depot  
  66  7:21  Supply Depot, SCV  
  66  7:22  Reaper  
  68  7:28  Reaper  
  67  7:32  Reaper x3  
  67  7:47  Reaper x2  
  69  7:54  Reaper  
  69  7:57  Reaper x2  
  72  8:00  Reaper  
  73  8:08  Reaper x3  
  73  8:11  Command Center  
  76  8:15  Command Center  
  76  8:19  SCV x2  
  78  8:26  Factory  
  78  8:31  SCV x2  
  74  8:43  SCV x2  
  71  8:53  Reaper  
  71  8:54  Reaper x7  
  78  8:55  SCV x2  
  78  8:57  Reaper  
  80  9:07  SCV  
  80  9:08  SCV  
  82  9:19  SCV  
  82  9:20  SCV  
  84  9:25  Reaper  
  84  9:26  Reaper x3  
  86  9:32  SCV x2  
  86  9:36  Reaper x4  
  88  9:44  SCV  
  83  9:52  Orbital Command  
  80  9:53  Orbital Command  
  80  9:56  SCV x2  
  80  9:57  Refinery  
  80  9:58  Refinery  
  82  10:03  Missile Turret  
  82  10:04  Missile Turret x2  
  82  10:07  Missile Turret  
  82  10:08  Missile Turret x2, SCV  
  82  10:09  Missile Turret x2, SCV  
  82  10:10  Missile Turret  
  82  10:12  Missile Turret  
  82  10:13  Missile Turret x2  
  83  10:14  Missile Turret  
  83  10:20  SCV  
  83  10:21  SCV  
  86  10:51  Barracks Reactor x5  
  86  10:54  Marine x2  
  82  11:03  SCV x4  
  84  11:12  Barracks  
  84  11:13  Barracks  
  84  11:14  Barracks  
  84  11:15  SCV x2  
  84  11:16  SCV x2  
  90  11:21  Marine x4  
  91  11:27  SCV  
  92  11:38  Marine  
  92  11:39  Marine x2  
  92  11:47  Marine x6  
  89  11:54  Armory  
  95  11:56  Marine  
  95  11:57  Marine x2  
  95  12:04  Marine  
  95  12:05  Marine x5  
  95  12:07  Barracks Tech Lab  
  100  12:08  Marine  
  100  12:14  Barracks Reactor x2, Marine x2  
  100  12:15  Marine  
  104  12:22  Marine x4  
  104  12:23  Marine x2  
  104  12:26  Marine  
  111  12:32  Marine x3  
  114  12:38  Supply Depot x2  
  114  12:39  Supply Depot  
  114  12:40  Marine x4, Supply Depot x3  
  114  12:44  Marine  
  120  12:46  Marine  
  120  12:50  Marine x3  
  125  12:58  Marine x4  
  122  13:02  Marine  
  122  13:04  Marine  
  118  13:08  Marine x2  
  116  13:16  Barracks  
  116  13:17  SCV  
  116  13:18  SCV x2  
  112  13:23  Marine x11  
  112  13:25  Marine  
  112  13:26  Marine  
  125  13:29  SCV  
  125  13:30  SCV x2  
  128  13:38  Supply Depot  
  128  13:39  Supply Depot  
  128  13:40  Marine  
  128  13:41  Marine x10  
  132  13:42  Supply Depot, SCV x3  
  132  13:43  Marine  
  132  13:44  Marine  
  132  13:47  Supply Depot x2  
  144  13:49  Supply Depot  
  144  13:54  SCV x3  
  147  13:58  Marine x2  
  147  13:59  Marine x9  
  147  14:01  Marine x2  
  159  14:02  Supply Depot  
  159  14:04  Supply Depot  
  159  14:06  SCV  
  160  14:16  Marine x8  
  160  14:17  Marine x3  
  166  14:19  Marine x2  
  166  14:22  Terran Infantry Weapons Level 2  
  173  14:34  Marine x11  
  173  14:37  Marine x2  
  186  14:42  SCV x3  
  186  14:44  Command Center  
  189  14:52  Marine x2  
  191  14:54  SCV  
  191  14:55  SCV x2  
  191  15:06  SCV  
  191  15:07  SCV  
  193  15:16  SCV  
  194  15:25  Marine  
  194  15:26  Marine x6  
  194  15:27  Missile Turret x2  
  194  15:28  Missile Turret x2  
  199  15:30  Missile Turret, Stimpack  
  199  15:36  Refinery  
  199  15:37  Refinery  
  199  15:48  Missile Turret  
  199  15:50  Missile Turret x2  
  146  17:12  Marine x4  
  146  17:13  Marine x7  
  157  17:26  Orbital Command  
  157  17:30  Marine x8  
  157  17:31  Marine x3  
  168  17:48  Marine x10  
Show
View Real Time Build Order
Export as new Build Order

Migbon Zerg 

Build Orders: Hatch First 

Get SALT Encoding   

  12  0:02  Drone  
  13  0:12  Overlord  
  13  0:18  Drone  
  14  0:30  Drone x2  
  14  0:35  Drone  
  17  0:53  Hatchery  
  17  0:55  Drone  
  17  0:58  Drone  
  17  1:02  Extractor  
  17  1:15  Spawning Pool  
  17  1:18  Drone  
  17  1:21  Drone  
  19  1:32  Drone  
  19  1:39  Overlord  
  19  2:03  Queen  
  19  2:05  Queen  
  23  2:09  Drone  
  23  2:10  Drone, Roach Warren  
  23  2:14  Drone  
  25  2:18  Drone  
  25  2:20  Drone  
  27  2:24  Drone  
  27  2:28  Drone  
  27  2:39  Extractor  
  27  2:43  Queen  
  27  2:56  Roach  
  27  2:57  Roach x2  
  33  3:08  Roach  
  35  3:14  Drone  
  35  3:16  Overlord x2  
  34  3:37  Queen  
  34  3:39  Roach x2  
  42  3:52  Drone  
  42  3:53  Drone x4  
  47  3:57  Lair  
  45  4:04  Spine Crawler  
  45  4:08  Spine Crawler  
  43  4:12  Drone  
  43  4:13  Drone x2  
  30  4:43  Drone x8  
  38  4:48  Spine Crawler  
  37  5:05  Drone x5  
  36  5:16  Roach  
  36  5:17  Roach  
  42  5:21  Roach  
  42  5:24  Spine Crawler  
  42  5:26  Spine Crawler  
  40  5:31  Drone  
  40  5:32  Drone, Extractor  
  41  5:35  Queen  
  41  5:38  Glial Reconstitution  
  43  5:45  Roach  
  41  6:07  Drone  
  41  6:08  Drone x5  
  41  6:10  Drone x2  
  49  6:21  Drone x3  
  52  6:26  Extractor  
  52  6:28  Overlord x2  
  51  6:36  Queen x2  
  51  6:44  Spine Crawler  
  51  6:45  Spine Crawler x2  
  51  6:46  Roach  
  52  6:47  Roach x2  
  52  6:52  Roach x2  
  52  6:56  Roach  
  52  6:59  Roach  
  54  7:05  Spine Crawler  
  53  7:10  Spine Crawler  
  53  7:12  Drone x2  
  54  7:23  Overlord  
  54  7:29  Roach  
  60  7:30  Roach x3  
  58  7:44  Drone  
  58  7:45  Spire, Drone x2  
  58  7:47  Drone  
  61  7:56  Spine Crawler  
  61  7:57  Drone x2  
  62  8:00  Overlord  
  62  8:05  Overlord  
  62  8:28  Drone x2  
  62  8:29  Drone  
  35  8:59  Mutalisk  
  35  9:00  Mutalisk x7  
  50  9:04  Spine Crawler  
  49  9:10  Zergling x8  
  49  9:13  Queen  
  56  9:22  Spine Crawler  
  55  9:29  Zergling x2  
  49  9:53  Drone  
  49  9:58  Hatchery  
  49  10:02  Mutalisk  
  49  10:03  Mutalisk  
  52  10:38  Mutalisk  
  52  10:39  Mutalisk  
  56  10:45  Zergling x2  
  56  10:46  Zergling x12  
  63  10:59  Zergling x2  
  64  11:17  Metabolic Boost  
  62  11:27  Spine Crawler x2  
  62  11:28  Spine Crawler  
  62  11:30  Spine Crawler  
  62  11:31  Drone  
  48  11:47  Drone x3  
  48  11:48  Drone  
  48  11:49  Drone x2  
  54  11:57  Nydus Network  
  53  12:19  Zergling x6  
  53  12:20  Zergling x2  
  57  12:25  Hatchery  
  56  12:45  Nydus Canal  
  56  12:52  Zergling x12  
  56  12:53  Zergling x8  
  60  13:16  Mutalisk x4  
  64  13:25  Nydus Canal  
  63  13:31  Roach x3  
  69  13:41  Nydus Canal  
  69  13:45  Drone  
  69  13:46  Drone x2  
  72  13:55  Nydus Canal  
  72  14:13  Nydus Canal  
  72  14:24  Hydralisk Den, Drone  
  72  14:25  Drone x9  
  72  14:30  Nydus Canal  
  69  15:03  Lurker Den, Hydralisk  
  69  15:04  Hydralisk x6  
  82  15:37  Drone x2  
  82  15:38  Drone x6  
  82  15:40  Extractor  
  82  15:41  Extractor  
  88  15:46  Nydus Canal  
  86  16:10  Overlord x12  
  70  16:22  Lurker x4  
  37  17:11  Nydus Canal  
  35  17:26  Nydus Canal  
  20  17:48  Hatchery  
  19  17:56  Hatchery  
  19  17:58  Nydus Canal  
  10  18:13  Nydus Canal  
Tags
 
Matchup
TvZ
Spawn Locations
Cross Positions
Add a new tag
Caveats
  • Supply blocks, unpowered buildings, or Contaminate may cause inaccurate times.
  • Supply counts are checked every 10 seconds.